 Dungeon Crawl Stone Soup version 0.28.0 (console) character file.

Game seed: 758275113401198943

63075 isthmus the Brawler (level 14, -2/143 HPs)
             Began as a Troll Cinder Acolyte on Feb 13, 2022.
             Was a High Priest of Ignis.
             Slain by a cyan ugly thing (13 damage)
             ... on level 14 of the Dungeon on Feb 14, 2022.
             The game lasted 01:17:42 (23723 turns).

isthmus the Brawler (Troll Cinder Acolyte)         Turns: 23723, Time: 01:17:43

Health: -2/143     AC: 15    Str: 22    XL:     14   Next: 66%
Magic:  14/14      EV:  9    Int: 17    God:    Ignis [*****.]
Gold:   1415       SH: 17    Dex: 11    Spells: 8/15 levels left

rFire   + + +      SeeInvis .     - Unarmed
rCold   + + .      Faith    +   S - +2 tower shield
rNeg    . . .      Spirit   .   j - +0 troll leather armour
rPois   .          Reflect  .   (helmet restricted)
rElec   .          Harm     .   m - +1 cloak
rCorr   +          Rampage  .   (gloves unavailable)
Will    ++...                   (boots unavailable)
Stlth   +.........              H - amulet of Fox Mihe {Faith rF+ rC++ Slay+3}
HPRegen 1.93/turn               k - ring of Mutualism {rF+ rCorr Str-3 Int+7 Dex+2}
MPRegen 0.14/turn               W - ring of willpower

@: about to teleport, spiked, fiery-armoured
A: large, unfitting armour, claws 3, regeneration 1, shaggy fur 1, tough skin 1
a: Renounce Religion, Fiery Armour, Foxfire Swarm, Rising Flame


You were on level 14 of the Dungeon.
You worshipped Ignis.
Ignis was extremely pleased with you.
You visited 5 branches of the dungeon, and saw 25 of its levels.

You collected 1756 gold pieces.
You spent 341 gold pieces at shops.

Inventory:

Hand Weapons
 a - a +0 mace of flaming
 r - the +6 hunting sling of Decakk {flame, rElec rPois}
   (You found it on level 4 of the Lair of Beasts)

   Any ammunition fired from it burns those it strikes, dealing additional fire
   damage.
   rElec:     It insulates you from electricity.
   rPois:     It protects you from poison.
Missiles
 p - 15 poisoned darts
 s - 2 throwing nets
 v - 20 large rocks (quivered)
 x - 6 curare-tipped darts
 E - 192 sling bullets
 R - 6 boomerangs of dispersal
 U - 5 javelins
Armour
 j - a +0 troll leather armour (worn)
 m - a +1 cloak (worn)
 S - a +2 tower shield (worn)
Jewellery
 b - an amulet of the acrobat
 f - a ring of positive energy
 h - a ring of ice
 k - the ring of Mutualism (left claw) {rF+ rCorr Str-3 Int+7 Dex+2}
   (You acquired it on level 1 of the Lair of Beasts)

   [ring of resist corrosion]

   Str:       It affects your strength (-3).
   Int:       It affects your intelligence (+7).
   Dex:       It affects your dexterity (+2).
   rF:        It protects you from fire.
   rCorr:     It protects you from acid and corrosion.
 A - an amulet of regeneration
 F - a ring of magical power
 H - the amulet of Fox Mihe (around neck) {Faith rF+ rC++ Slay+3}
   (You found it on level 7 of the Dungeon)

   [amulet of faith]

   It allows you to gain divine favour quickly.
   Slay:      It affects your accuracy & damage with ranged weapons and melee
   (+3).
   rF:        It protects you from fire.
   rC:        It greatly protects you from cold.
 P - an amulet of the acrobat
 W - a ring of willpower (right claw)
Wands
 w - a wand of charming (10)
 z - a wand of iceblast (15)
 K - a wand of flame (7)
 L - a wand of mindburst (8)
 X - a wand of acid (2)
Scrolls
 d - a scroll of blinking
 e - 4 scrolls of identify
 i - a scroll of enchant weapon
 q - 4 scrolls of fog
 y - 5 scrolls of immolation
 T - a scroll of magic mapping
 Y - 3 scrolls of vulnerability
 Z - 2 scrolls of teleportation
Potions
 c - 2 potions of brilliance
 g - 2 potions of lignification
 l - 10 potions of curing
 o - a potion of mutation
 B - a potion of magic
 C - a potion of haste
 I - a potion of flight
 J - 2 potions of attraction
 M - 3 potions of might
 O - a potion of heal wounds
Miscellaneous
 D - a phantom mirror (inert)
 Q - a lightning rod (4/4)
 V - a condenser vane (inert)


   Skills:
 + Level 10.2 Fighting
 - Level 4.0 Maces & Flails
 - Level 6.0 Throwing
 - Level 7.0 Dodging
 * Level 9.9 Shields
 + Level 16.4 Unarmed Combat
 - Level 1.0 Spellcasting
 - Level 2.1 Fire Magic
 + Level 4.0 Evocations


You had 8 spell levels left.
You knew the following spells:

 Your Spells              Type           Power      Damage    Failure   Level
a - Scorch                Fire           16%        2d6       54%         2
q - Blink                 Tloc           0%         N/A       83%         2
s - Swiftness             Air            0%         N/A       97%         3

Your spell library contained the following spells:

 Spells                   Type           Power      Damage    Failure   Level
 Beastly Appendage        Tmut           0%         N/A       71%         1
 Shock                    Conj/Air       0%         1d3       71%         1
 Corpse Rot               Necr/Air       0%         N/A       83%         2
 Ensorcelled Hibernation  Hex/Ice        0%         N/A       83%         2
 Passwall                 Tmut/Erth      0%         N/A       83%         2
 Poisonous Vapours        Pois/Air       0%         N/A       83%         2
 Static Discharge         Conj/Air       0%         N/A       83%         2
 Sublimation of Blood     Necr           0%         N/A       83%         2
 Wereblood                Tmut           0%         N/A       83%         2
 Ignite Poison            Fire/Tmut/Pois 3%         N/A       93%         3
 Confusing Touch          Hex            0%         N/A       97%         3
 Dazzling Flash           Conj/Hex       0%         N/A       97%         3
 Lesser Beckoning         Tloc           0%         N/A       97%         3
 Mephitic Cloud           Conj/Pois/Air  0%         N/A       97%         3
 Spider Form              Tmut/Pois      0%         N/A       97%         3
 Tukima's Dance           Hex            0%         N/A       97%         3
 Airstrike                Air            0%         N/A       100%        4
 Anguish                  Hex/Necr       0%         N/A       100%        4
 Flame Wave               Conj/Fire      4%         2d5       100%        4
 Agony                    Necr           0%         N/A       100%        5
 Freezing Cloud           Conj/Ice/Air   0%         6-21      100%        5
 Lightning Bolt           Conj/Air       0%         1d11      100%        5
 Manifold Assault         Tloc           0%         N/A       100%        5
 Silence                  Hex/Air        0%         N/A       100%        5
 Summon Forest            Summ/Tloc      0%         N/A       100%        5
 Yara's Violent Unravell  Hex/Tmut       0%         3d3       100%        5
 Dispersal                Tloc           0%         N/A       100%        6
 Eringya's Noxious Bog    Tmut/Pois      0%         N/A       100%        6
 Summon Cactus Giant      Summ           0%         N/A       100%        6
 Enfeeble                 Hex            0%         N/A       100%        7
 Summon Hydra             Summ           0%         N/A       100%        7
 Disjunction              Tloc           0%         N/A       100%        8
 Maxwell's Capacitive Co  Air            0%         ∞         100%        8


Dungeon Overview and Level Annotations

Branches:
Dungeon (14/15)            Temple (0/1) D:4            Lair (6/6) D:9
  Swamp (2/4) Lair:3        Snake (1/4) Lair:4        Slime (0/5) Lair:5
    Orc (2/2) D:9             Elf (0/3) Orc:2        Vaults (0/5) D:13

Altars:
Ashenzari
Cheibriados
Hepliaklqana
Kikubaaqudgha
Okawaru
Ru

Shops:
D:1 ((*!   Orc:2 ([*:

Annotations:
D:4 2 transporters, ravioli's ghost, novice OgFE
Swamp:2 !two bunyips by stairs, and swamp worms


Innate Abilities, Weirdness & Mutations

You are too large for most types of armour.
You have claws for hands.
Your natural rate of healing is unusually fast.
You are covered in fur. (AC +1)
You have tough skin. (AC +1)


Message History

The cyan ugly thing gores you. The cyan ugly thing shocks you!
The cyan ugly thing is burned by your cloak of flames.
The cyan ugly thing is lightly wounded.
Unknown command.
Unknown command.
You mangle the manticore!!
The manticore is severely wounded.
You block the manticore's attack.
The manticore claws you but does no damage.
The manticore is burned by your cloak of flames.
The manticore is severely wounded.
You block the manticore's attack.
The brown ugly thing basks in the mutagenic energy from its kin and changes!
The cyan ugly thing headbutts you. The cyan ugly thing shocks you!
* * * LOW HITPOINT WARNING * * *
The cyan ugly thing is burned by your cloak of flames.
The cyan ugly thing is lightly wounded.
The cyan ugly thing gores you!
* * * LOW HITPOINT WARNING * * *
The cyan ugly thing shocks you!
* * * LOW HITPOINT WARNING * * *
The cyan ugly thing is burned by your cloak of flames.
The cyan ugly thing is lightly wounded.
Unknown command.
Unknown command.
Unknown command.
Unknown command.
As you read the scroll of teleportation, it crumbles to dust.
You feel strangely unstable. The manticore bites you!
* * * LOW HITPOINT WARNING * * *
The manticore is burned by your cloak of flames.
The manticore is almost dead.
The manticore claws you.
* * * LOW HITPOINT WARNING * * *
The manticore is burned by your cloak of flames.
You kill the manticore!
The cyan ugly thing gores you!
* * * LOW HITPOINT WARNING * * *
The cyan ugly thing shocks you!
You die...

##.....#..#........
#.....#...........
##.....####........
#.....##...........
##......#...........
#...................
##.............
.....
#..##.......$..
.....
##..#...........
.....
#.........[.###.
.....
#..#.u@#.#....#
....# .
#.uul##.##... ...#
.....u..... .... #..
#.#.......#.. ... #.
###......... . #
......... ..
#......... ###
#......... #


You could see 4 ugly things and a basilisk.

Vanquished Creatures
  An orc warlord (Orc:2)
  2 bunyips
  Harold (Lair:1)
  A catoblepas (Lair:6)
  3 vault guards
  3 boulder beetles
  A ghost crab (Swamp:1)
  A hydra (Lair:4)
  2 two-headed ogres
  3 centaur warriors
  5 alligators (Swamp:1)
  A naga sharpshooter (Snake:1)
  A deep troll shaman (Lair:6)
  4 death yaks (Lair:6)
  Sonja (Orc:1)
  3 orc high priests
  3 lindwurms (Lair:6)
  A deep elf pyromancer (D:13)
  4 orc knights
  5 orc sorcerers
  3 cyclopes
  3 manticores
  3 ugly things
  3 elephants (Lair:6)
  An oklob plant (Lair:6)
  Maurice (D:12)
  3 black mambas
  5 cane toads
  2 kobold demonologists
  2 rime drakes
  5 komodo dragons
  3 tengu conjurers (D:13)
  A burning bush (Lair:1)
  6 trolls
  A hornet (Swamp:1)
  2 polar bears
  4 meliai (D:13)
  A polar bear (shapeshifter) (D:13)
  A tyrant leech (Swamp:1)
  4 slime creatures
  13 blink frogs
  3 wraiths
  3 wyverns
  A shadow (D:9)
  A spriggan (Swamp:1)
  2 vampires
  46 yaks
  A basilisk (Lair:3)
  Eustachio (D:5)
  2 vampire mosquitoes (Swamp:1)
  2 nagas
  3 wargs
  4 swamp worms (Swamp:1)
  14 water moccasins
  A sky beast (D:7)
  26 orc warriors
  2 ice beasts (D:7)
  A necrophage (D:6)
  4 ogres
  4 centaurs
  12 wolves (Lair:6)
  3 kobold brigands
  12 bullfrogs
  2 scorpions
  A water moccasin zombie (D:5)
  3 killer bees (D:9)
  6 electric eels
  3 wights (D:7)
  4 howler monkeys
  2 centaur zombies
  9 hounds
  3 jellies
  28 orc priests
  Ijyb (D:3)
  An iguana (D:5)
  Natasha (thrice) (D:2)
  15 orc wizards
  4 hell rats (Lair:5)
  A killer bee zombie (D:8)
  A hound skeleton (D:4)
  3 howler monkey zombies
  10 gnolls
  A howler monkey skeleton (D:6)
  4 adders
  A shadow imp (D:8)
  A white imp (D:8)
  2 worms (D:5)
  3 dart slugs
  47 orcs
  6 ball pythons
  4 bats
  A bat zombie (D:8)
  10 endoplasms
  3 giant cockroaches
  5 goblins
  3 hobgoblins
  3 jackals (D:4)
  2 quokkas
  2 frilled lizards
  25 kobolds
  6 rats
  A rat zombie (D:8)
  A bush (Lair:6)
492 creatures vanquished.

Vanquished Creatures (collateral kills)
  Nessos (D:11)
  A hydra (D:11)
  A deep elf pyromancer (D:12)
3 creatures vanquished.

Vanquished Creatures (others)
  A bloated husk (Swamp:1)
  An orc wizard (Orc:2)
  18 fungi
  18 plants
38 creatures vanquished.

Grand Total: 533 creatures vanquished

Notes
Turn   | Place    | Note
-------+----------+-------------------------------------------
     0 | D:1      | isthmus the Troll Cinder Acolyte began the quest for the
                  | Orb.
     0 | D:1      | Reached XP level 1. HP: 22/22 MP: 1/1
     4 | D:1      | Found Wuypasaq's Assorted Antiques.
    39 | D:1      | Found Fodotz's Distillery.
    93 | D:1      | Reached XP level 2. HP: 29/29 MP: 2/2
   281 | D:1      | Found Mysuesch's Weapon Emporium.
   369 | D:1      | Reached skill level 4 in Unarmed Combat
   647 | D:1      | Found Qoph's Weapon Shoppe.
   659 | D:1      | Found a faded altar of an unknown god.
   763 | D:1      | You fall into a shaft and drop 1 floor!
   763 | D:2      | Noticed Natasha
   767 | D:2      | Killed Natasha
   768 | D:2      | Reached XP level 3. HP: 32/36 MP: 3/3
   772 | D:2      | Identified the +3 leather armour of Ohemin {rElec Int-5
                  | Dex+5 Stlth+}
   884 | D:2      | Noticed Natasha
   890 | D:2      | Killed Natasha
   891 | D:2      | Reached skill level 5 in Unarmed Combat
   891 | D:2      | Reached XP level 4. HP: 41/44 MP: 4/4
  1636 | D:2      | Noticed Natasha
  1641 | D:2      | Killed Natasha
  1920 | D:3      | Noticed Ijyb
  1927 | D:3      | Killed Ijyb
  1928 | D:3      | Reached XP level 5. HP: 48/50 MP: 5/5
  2033 | D:3      | Reached skill level 6 in Unarmed Combat
  2169 | D:3      | Found a faded altar of an unknown god.
  2175 | D:3      | Found a hazy altar of Hepliaklqana.
  2380 | D:4      | Found a transporter.
  2380 | D:4      | Noticed ravioli's ghost (novice OgFE)
  2598 | D:4      | Found a transporter.
  2691 | D:4      | Found a staircase to the Ecumenical Temple.
  2853 | D:5      | Entered Level 5 of the Dungeon
  2868 | D:5      | Noticed Eustachio
  2889 | D:5      | Killed Eustachio
  2890 | D:5      | Reached skill level 7 in Unarmed Combat
  2890 | D:5      | Reached XP level 6. HP: 31/59 MP: 6/6
  3445 | D:5      | Reached skill level 1 in Dodging
  3445 | D:5      | Reached XP level 7. HP: 60/66 MP: 7/7
  3742 | D:5      | Reached skill level 8 in Unarmed Combat
  3768 | D:5      | Found a snail-covered altar of Cheibriados.
  3845 | D:5      | Found a sacrificial altar of Ru.
  4782 | D:7      | Noticed a wyvern
  4788 | D:7      | Killed a wyvern
  4789 | D:7      | Reached XP level 8. HP: 42/78 MP: 8/8
  4837 | D:7      | Reached skill level 9 in Unarmed Combat
  5381 | D:7      | Reached skill level 1 in Throwing
  5399 | D:7      | Found a broken altar of Ashenzari.
  5433 | D:7      | Reached skill level 1 in Evocations
  5461 | D:7      | Reached XP level 9. HP: 77/85 MP: 9/9
  5550 | D:7      | Identified the amulet of Fox Mihe {Faith rF+ rC++ Slay+3}
  5587 | D:7      | Reached skill level 10 in Unarmed Combat
  6319 | D:8      | Found an ancient bone altar of Kikubaaqudgha.
  6768 | D:9      | Reached skill level 5 in Fighting
  6781 | D:9      | Reached skill level 11 in Unarmed Combat
  6859 | D:9      | Found an iron altar of Okawaru.
  7009 | D:9      | Reached XP level 10. HP: 71/97 MP: 10/10
  7088 | D:9      | Reached skill level 5 in Dodging
  7163 | D:9      | Found a staircase to the Lair.
  7295 | Lair:1   | Entered Level 1 of the Lair of Beasts
  7425 | D:9      | Found a staircase to the Orcish Mines.
  8059 | D:1      | Bought a scroll of identify for 32 gold pieces
  8059 | D:1      | Bought a tourmaline ring for 80 gold pieces
  8059 | D:1      | Bought a scroll labelled VIP YM MUI for 16 gold pieces
  8083 | D:1      | Bought a potion of haste for 120 gold pieces
  8083 | D:1      | Bought a potion of might for 48 gold pieces
  8474 | Lair:1   | Reached skill level 12 in Unarmed Combat
  8673 | Lair:1   | Noticed Harold
  8673 | Lair:1   | Noticed a black mamba
  8859 | Lair:1   | Killed a black mamba
  8976 | Lair:1   | Reached skill level 1 in Maces & Flails
  9164 | Lair:2   | Noticed a cane toad
  9169 | Lair:2   | Killed a cane toad
  9438 | Lair:2   | Noticed a cane toad
  9443 | Lair:2   | Killed a cane toad
  9444 | Lair:2   | Reached XP level 11. HP: 76/107 MP: 11/11
 10121 | Lair:3   | Found a staircase to the Swamp.
 10209 | Lair:3   | You fall into a shaft and drop 3 floors!
 10209 | Lair:6   | Entered Level 6 of the Lair of Beasts
 10377 | Lair:5   | Reached skill level 13 in Unarmed Combat
 10698 | Lair:5   | Found a staircase to the Slime Pits.
 11333 | Lair:3   | Reached XP level 12. HP: 118/118 MP: 12/12
 11950 | Lair:1   | Killed Harold
 11951 | Lair:1   | Reached skill level 1 in Shields
 12236 | Lair:1   | Reached skill level 14 in Unarmed Combat
 12551 | Lair:4   | Noticed a seven-headed hydra
 12598 | Lair:4   | Identified the +6 hunting sling of Decakk {flame, rElec
                  | rPois}
 12725 | Lair:4   | Found a staircase to the Snake Pit.
 13000 | Lair:4   | Killed a seven-headed hydra
 14256 | Lair:6   | Noticed a death yak
 14266 | Lair:6   | Noticed a death yak
 14267 | Lair:6   | Killed a death yak
 14273 | Lair:6   | Noticed a death yak
 14275 | Lair:6   | Killed a death yak
 14290 | Lair:6   | Killed a death yak
 14826 | Lair:6   | Noticed a catoblepas
 14832 | Lair:6   | Noticed a death yak
 14840 | Lair:6   | Killed a catoblepas
 14841 | Lair:6   | Reached skill level 5 in Shields
 14847 | Lair:6   | Killed a death yak
 14868 | Lair:6   | Noticed a deep troll shaman
 14874 | Lair:6   | Killed a deep troll shaman
 14875 | Lair:6   | Reached skill level 15 in Unarmed Combat
 15234 | D:10     | Entered Level 10 of the Dungeon
 15293 | D:10     | Noticed a two-headed ogre
 15301 | D:10     | Killed a two-headed ogre
 15302 | D:10     | Reached XP level 13. HP: 91/128 MP: 13/13
 15487 | D:10     | Identified the +6 hand axe of Inconvenience {venom, rF+}
 17076 | D:12     | Noticed Nessos
 17243 | Orc:1    | Entered Level 1 of the Orcish Mines
 17247 | Orc:1    | Noticed Sonja
 17257 | Orc:1    | Killed Sonja
 17300 | Orc:2    | Entered Level 2 of the Orcish Mines
 17388 | Orc:1    | You fall into a shaft and drop 1 floor!
 18138 | Orc:2    | Noticed an orc warlord
 18245 | Orc:1    | Reached skill level 5 in Throwing
 18355 | Orc:2    | Paralysed by an orc sorcerer for 3 turns
 18369 | Orc:2    | Paralysed by an orc sorcerer for 3 turns
 18607 | Orc:2    | Paralysed by an orc sorcerer for 3 turns
 18937 | Orc:2    | Killed an orc warlord
 19143 | Orc:2    | Found Mexure Mypo's General Store.
 19144 | Orc:2    | Found Etimuih's Book Shoppe.
 19145 | Orc:2    | Found Sihaecao's Antique Armour Emporium.
 19145 | Orc:2    | Found Nowaukk's Antique Weapon Emporium.
 19161 | Orc:2    | Bought a scroll of teleportation for 45 gold pieces
 19317 | Orc:2    | Found a staircase to the Elven Halls.
 19768 | Lair:1   | Identified a scroll of acquirement
 19769 | Lair:1   | Acquired the ring of Mutualism {rF+ rCorr Str-3 Int+7
                  | Dex+2}
 19825 | Swamp:1  | Entered Level 1 of the Swamp
 19903 | Swamp:1  | Reached XP level 14. HP: 106/140 MP: 14/14
 20500 | Swamp:1  | Reached skill level 16 in Unarmed Combat
 21059 | Snake:1  | Entered Level 1 of the Snake Pit
 21294 | D:11     | Killed Nessos
 21708 | D:10     | Learned a level 2 spell: Blink
 21711 | D:10     | Learned a level 2 spell: Scorch
 21715 | D:10     | Learned a level 3 spell: Swiftness
 22111 | D:12     | Noticed Maurice
 22119 | D:12     | Killed Maurice
 22592 | D:13     | Found a gate to the Vaults.
 22749 | D:12     | Reached skill level 10 in Fighting
 23723 | D:14     | Slain by a cyan ugly thing

Illustrated notes

Levels and vault maps discovered:
D:1:      minmay_arrival_semitransparent, layout_basic, serial_shops, shop,
          shop, nicolae_shop_stone, nicolae_shop_trees,
          ebering_ecumenical_altar_petrified, grunt_decor_fettered
D:2:      layout_loops_corners, uniq_natasha
D:3:      layout_loops_cross, nicolae_overflow_ecumenical_swirl, uniq_ijyb
D:4:      layout_loops_ring, minmay_temple_entry_glassed_door,
          gammafunk_ghost_stat_death, grunt_ministairs_7, hangedman_decor_push
D:5:      layout_basic, cheibrodos_worm_habitat,
          mainiacjoe_overflow_cross_hatched, minmay_misc_feat_enclosed,
          kennysheep_crisscross, uniq_eustachio
D:6:      layout_loops_ring
D:7:      layout_basic, nicolae_ashenzari_skybound
D:8:      layout_basic, lemuel_zombie_altar_kikubaaqudgha, nrook_loot_triangle
D:9:      layout_loops_ring, kennysheep_okawaru_gauntlet, erik_lair_island,
          minmay_crystal_water
D:10:     layout_roguey
D:11:     layout_stronghold
D:12:     layout_small_grid, uniq_nessos, uniq_maurice
D:13:     layout_roguey, lightli_vaults_fourway_checkpoint
D:14:     layout_cave_pools, portal_ice_cave_entry_pillars_1,
          nicolae_trove_entry_crossroad, hangedman_abyss_or_decor_clamps
Lair:1:   layout_cave_pods, evilmike_ambush [evilmike_ambush_outer_basic,
          evilmike_ambush_inner_basic], infiniplex_staircase_pool, uniq_harold
Lair:2:   layout_cave_pods, infiniplex_staircase_pool_2
Lair:3:   layout_roguey, swamp_mist, lemuel_fruit_fields
Lair:4:   layout_cave_shapes, guppyfry_snake_entry_island, hibernation_bobbens
Lair:5:   layout_misc_corridors, slime_dummy
Lair:6:   grunt_lair_end_beastmaster, layout_layer_cave,
          minmay_lair_oklob_bushes, serial_bayou_ford_a, nicolae_lair_lindhole
Swamp:1:  layout_basic_swamp, evilmike_swamp_ruin_house_1, swamp_pool4
Swamp:2:  layout_basic_swamp, ebering_ghost_reflecting_pool,
          evilmike_swamp_ruin_house_6, swamp_pool2, uniq_kirke, uniq_mlioglotl
Snake:1:  layout_chambers, grunt_megastairs_1
Orc:1:    layout_diamond_mine, uniq_sonja
Orc:2:    st_orc_congregation, layout_caves

Skill      XL: |  1  2  3  4  5  6  7  8  9 10 11 12 13 14 |
---------------+-------------------------------------------+-----
Unarmed Combat | 4 5 7 8 9 11 12 13 15 16 | 16.4
Dodging        | 1 2 3 4 5 6 7 |  7.0
Fighting       | 3 4 5 6 7 8 9 10 | 10.2
Throwing       | 1 2 3 4 5 6 |  6.0
Evocations     | 1 2 4 |  4.0
Maces & Flails | 2 4 |  4.0
Shields        | 5 8 9 |  9.9
Spellcasting   | |  1.0
Fire Magic     | |  2.1

Action                   |  1- 3 |  4- 6 |  7- 9 | 10-12 | 13-15 || total
-------------------------+-------+-------+-------+-------+-------++-------
Melee: Unarmed           |    76 |   130 |   274 |   469 |   682 ||  1631
       Punch             |       |     4 |    19 |    18 |       ||    41
       Mace              |       |       |       |       |     2 ||     2
 Fire: Hunting sling     |       |       |       |     8 |     1 ||     9
Throw: Stone             |       |       |       |     4 |       ||     4
       Dart              |       |       |       |       |     6 ||     6
       Large rock        |       |       |       |       |     5 ||     5
Invok: Fiery Armour      |       |       |     1 |       |     1 ||     2
Evoke: Wand              |       |     3 |     2 |     6 |    11 ||    22
       Lightning rod     |       |       |       |       |     4 ||     4
       Phantom mirror    |       |       |       |       |     2 ||     2
       Condenser vane    |       |       |       |       |     2 ||     2
  Use: Scroll            |       |     8 |     7 |    14 |     4 ||    33
       Potion            |       |     2 |       |     3 |     3 ||     8
 Stab: Sleeping          |       |     1 |       |       |       ||     1
       Petrified         |       |       |       |     2 |       ||     2
       Confused          |       |       |       |     1 |       ||     1
Armor: Robe              |    16 |    38 |    62 |     1 |       ||   117
       Troll leather arm |       |       |       |    99 |   151 ||   250
Dodge: Dodged            |    28 |    52 |   117 |   170 |   197 ||   564
Block: Tower shield      |       |       |       |   106 |   607 ||   713
       Kite shield       |       |       |       |       |     1 ||     1
